 Dungeon Crawl Stone Soup version 0.18-a0-116-g2d311b1 (webtiles) character file.

9847 Duffy the Carver (level 11, -5/87 HPs)
             Began as a Formicid Berserker on Nov 16, 2015.
             Was a High Priest of Trog.
             Slain by a 12-headed hydra (8 damage)
             ... on level 8 of the Dungeon.
             The game lasted 00:22:03 (14123 turns).

Duffy the Carver (Formicid Berserker)              Turns: 14123, Time: 00:22:03

Health: -5/87      AC: 20    Str: 25    XL:     11   Next: 82%
Magic:  3/3        EV:  8    Int:  7    God:    Trog [*****.]
Gold:   752        SH: 12    Dex: 13    Spells: 0 memorised, 10 levels left

rFire  + . .     SeeInvis +     y - +3 great sword (antimagic)
rCold  + . .     Clarity  .     U - +2 plate armour {rC+}
rNeg   . . .     SustAt   .     x - +0 shield
rPois  +         Gourm    .     (helmet unavailable)
rElec  .         Spirit   .     (no cloak)
rCorr  .         Warding  .     C - +0 pair of gloves
rMut   .         Stasis   +     T - +0 pair of boots "Vehonum" {Str+3}
MR     +....                    (no amulet)
Stlth  ..........               J - +2 ring of protection
                                B - ring "Taapla Tuol" {rPois rF+}

@: somewhat resistant to hostile enchantments, extremely unstealthy
A: permanent stasis, dig shafts and tunnels, four strong arms, antennae 3
a: Dig, Shaft Self, Trog's Hand, Brothers in Arms, Burn Spellbooks, Renounce
Religion


You were on level 8 of the Dungeon.
You worshipped Trog.
Trog was extremely pleased with you.
You were not hungry.

You visited 1 branch of the dungeon, and saw 10 of its levels.

You collected 752 gold pieces.


Innate Abilities, Weirdness & Mutations

You are under a permanent stasis effect.
You can dig through walls and to a lower floor.
Your four strong arms can wield two-handed weapons with a shield.
You have a pair of large antennae on your head (SInv).


   Skills:
 - Level 8.4 Fighting
 - Level 12.6 Long Blades
 - Level 8.2 Armour
 - Level 1.8 Dodging
 - Level 9.0 Shields
 + Level 0.0 Evocations


You had 10 spell levels left.
You didn't know any spells.

Inventory:

Hand Weapons
 a - a +1 long sword
 b - a +1 dagger of venom
 y - a +3 antimagic great sword (weapon)
Missiles
 I - 29 tomahawks (quivered)
Armour
 f - a +0 pair of boots
 x - a +0 shield (worn)
 C - a +0 pair of gloves (worn)
 T - the +0 pair of boots "Vehonum" (worn) {Str+3}

   It affects your strength (+3).
 U - a +2 plate armour of cold resistance (worn)
Rods
 k - a +2 lightning rod (15/15)
Jewellery
 e - an uncursed ring of stealth
 m - an uncursed ring of protection from cold
 n - an uncursed ring of positive energy
 B - the ring "Taapla Tuol" (left hand) {rPois rF+}

   [ring of poison resistance]

   It protects you from fire.
   It protects you from poison.
 J - a +2 ring of protection (right hand)
Wands
 l - a wand of frost (14)
 s - a wand of polymorph (19)
 G - a wand of frost (34)
 L - a wand of magic darts (34)
 N - a wand of disintegration (14)
 R - a wand of paralysis (14)
 W - a wand of cold (0)
 X - a wand of flame (15)
Scrolls
 g - a scroll of enchant armour {unknown}
 h - 2 scrolls of noise {unknown}
 j - a scroll of acquirement {unknown}
 p - 2 scrolls of recharging
 u - a scroll of magic mapping {unknown}
 w - 2 scrolls of amnesia {unknown}
 z - a scroll of blinking {unknown}
 A - 6 scrolls of remove curse
 F - 2 scrolls of fear
 H - a scroll of fog {unknown}
 M - 2 scrolls of enchant weapon
 P - 2 scrolls of immolation {unknown}
Potions
 d - 2 potions of flight
 o - a potion of lignification
 q - 4 potions of curing
 r - a potion of agility
 t - a potion of resistance
 v - 5 potions of heal wounds
 O - 2 potions of magic
 Q - 2 potions of cancellation
 V - a potion of haste {unknown}
Comestibles
 c - 8 bread rations
 i - 3 beef jerkies
 D - 8 royal jellies
 E - 6 slices of pizza
 K - 4 meat rations
 S - 2 fruits
 Y - 3 chunks of flesh

Dungeon Overview and Level Annotations

Branches:
Dungeon (10/15)            Temple (0/1) D:4            Lair (0/8) D:9
    Orc (0/4) D:10

Altars:
Cheibriados
Dithmenos
Qazlal
Vehumet
Xom
Yredelemnul
The Shining One


Message History

You block the nine-headed hydra's attack.
The nine-headed hydra bites you but does no damage.
The nine-headed hydra bites you! x2
You are too injured to fight recklessly!
You are too injured to fight recklessly!
You chop one of the nine-headed hydra's heads off!
The eight-headed hydra grows two more!
You slash the ten-headed hydra!
The ten-headed hydra is almost dead.
The ten-headed hydra bites you but does no damage.
You block the ten-headed hydra's attack. x2
The ten-headed hydra bites you!
The ten-headed hydra bites you but does no damage.
You block the ten-headed hydra's attack. x3
The ten-headed hydra bites you but does no damage. x2
You hack one of the ten-headed hydra's heads off!
The nine-headed hydra grows two more!
You slice the 11-headed hydra!!
The 11-headed hydra is almost dead.
You block the 11-headed hydra's attack. The 11-headed hydra barely misses you.
The 11-headed hydra bites you but does no damage.
The 11-headed hydra barely misses you. The 11-headed hydra bites you.
The 11-headed hydra barely misses you.
The 11-headed hydra bites you but does no damage.
The 11-headed hydra barely misses you. You block the 11-headed hydra's attack.
The 11-headed hydra bites you but does no damage.
The 11-headed hydra bites you!
You lop one of the 11-headed hydra's heads off!
The ten-headed hydra grows two more!
You hit the 12-headed hydra.
The 12-headed hydra is severely wounded.
The 12-headed hydra bites you. x2
The 12-headed hydra barely misses you.
The 12-headed hydra bites you but does no damage.
You block the 12-headed hydra's attack. x3
The 12-headed hydra bites you but does no damage.
The 12-headed hydra bites you!
You die...

#............# #8+8......#...
#.....#......#.######.#..........
##.........#.#.....'..#..........
#.....#....(#.....'..#..........
##..#>.....(#.####.#.#.##.......
##...#..##...#.._..#8'8..........
#...#.###...)##...⌠#....###......
.........###..######....###......
...##.#.###.....@D......##.#.....
#.<########......#.........#.....
#..# #........##..#...###.<...
#..# ####..#.#........##......
##.## ###..............####....
....# #.#...##..#.....###......
....# ##...###..##<............
....## ##...###..#.........##..
.....#####....................##.


You could see a 12-headed hydra.

Action                   |  1- 3 |  4- 6 |  7- 9 | 10-12 || total
-------------------------+-------+-------+-------+-------++-------
Melee: Falchion          |    92 |   314 |    42 |       ||   448
       Dagger            |       |       |   472 |   157 ||   629
       Long sword        |       |       |    23 |   452 ||   475
       Great sword       |       |       |       |   138 ||   138
Invok: Burn Spellbooks   |       |       |       |     1 ||     1
 Abil: Dig               |       |     6 |     9 |    13 ||    28
Evoke: Wand              |       |       |       |     4 ||     4
  Use: Scroll            |       |     3 |     9 |     7 ||    19
       Potion            |       |       |     1 |     1 ||     2
 Stab: Sleeping          |     4 |       |       |       ||     4
  Eat: Chunk             |     1 |    11 |    14 |    19 ||    45
       Royal jelly       |       |       |       |     1 ||     1

Notes
Turn   | Place    | Note
--------------------------------------------------------------
     0 | D:1      | Duffy the Formicid Berserker began the quest for the Orb.
     0 | D:1      | Reached XP level 1. HP: 18/18 MP: 1/1
   127 | D:1      | Reached XP level 2. HP: 6/24 MP: 2/2
   726 | D:1      | Reached XP level 3. HP: 25/29 MP: 3/3
   799 | D:1      | Reached skill level 1 in Shields
   893 | D:1      | Reached ** piety under Trog
  1183 | D:2      | Reached skill level 2 in Shields
  1315 | D:2      | Reached skill level 4 in Long Blades
  1315 | D:2      | Reached XP level 4. HP: 26/35 MP: 4/4
  2299 | D:2      | Reached skill level 3 in Shields
  2376 | D:2      | Reached XP level 5. HP: 33/41 MP: 5/5
  2901 | D:3      | Reached *** piety under Trog
  3786 | D:3      | Reached skill level 5 in Long Blades
  3786 | D:3      | Reached skill level 4 in Shields
  3786 | D:3      | Reached XP level 6. HP: 14/47 MP: 6/6
  4139 | D:4      | Noticed Robin
  4164 | D:4      | Killed Robin
  4297 | D:4      | Got a clouded bronze ring
  4303 | D:4      | Found a staircase to the Ecumenical Temple.
  4463 | D:4      | Noticed Duvessa
  4478 | D:4      | Reached skill level 5 in Shields
  4485 | D:4      | Reached XP level 7. HP: 37/52 MP: 7/7
  4654 | D:4      | Reached **** piety under Trog
  4678 | D:4      | Noticed Dowan
  4700 | D:4      | Killed Dowan
  4712 | D:5      | Entered Level 5 of the Dungeon
  4865 | D:4      | Killed Duvessa
  4865 | D:4      | Reached skill level 6 in Long Blades
  5031 | D:4      | Identified the ring "Taapla Tuol" {rPois rF+} (You found it on level 4 of the Dungeon)
  5320 | D:4      | Reached skill level 6 in Shields
  5654 | D:5      | Noticed Prince Ribbit
  5677 | D:5      | Killed Prince Ribbit
  5677 | D:5      | Reached skill level 7 in Shields
  5677 | D:5      | Reached XP level 8. HP: 58/58 MP: 8/8
  5766 | D:5      | Found a shimmering altar of Xom.
  5788 | D:5      | Reached skill level 7 in Long Blades
  5955 | D:4      | Found a stormy altar of Qazlal.
  5955 | D:4      | Found a basalt altar of Yredelemnul.
  5955 | D:4      | Found a radiant altar of Vehumet.
  5955 | D:4      | Found a shadowy altar of Dithmenos.
  5958 | D:4      | Found a glowing golden altar of the Shining One.
  6168 | D:5      | Reached skill level 8 in Shields
  6592 | D:5      | Reached skill level 8 in Long Blades
  6842 | D:6      | Reached XP level 9. HP: 54/64 MP: 9/9
  6915 | D:6      | Got a pair of brightly glowing boots
  6916 | D:6      | Identified the +0 pair of boots "Vehonum" {Str+3} (You found it on level 6 of the Dungeon)
  7060 | D:6      | Reached skill level 9 in Shields
  7337 | D:6      | Reached skill level 3 in Armour
  7370 | D:6      | Reached skill level 4 in Fighting
  7566 | D:6      | Reached skill level 9 in Long Blades
  8010 | D:7      | Reached skill level 4 in Armour
  8195 | D:7      | Reached skill level 5 in Fighting
  8288 | D:7      | Reached XP level 10. HP: 70/74 MP: 10/10
  8424 | D:7      | Reached skill level 10 in Long Blades
  8439 | D:7      | Reached skill level 5 in Armour
  8564 | D:7      | Reached ***** piety under Trog
  8608 | D:7      | Reached skill level 6 in Fighting
  9348 | D:8      | Reached skill level 6 in Armour
  9409 | D:8      | Found a large runed door.
  9410 | D:8      | Found a large runed door.
  9636 | D:7      | Reached skill level 11 in Long Blades
 10252 | D:9      | Reached XP level 11. HP: 83/83 MP: 11/11
 10291 | D:9      | Reached skill level 7 in Fighting
 10704 | D:9      | Reached skill level 7 in Armour
 10784 | D:9      | Found a staircase to the Lair.
 11286 | D:10     | Entered Level 10 of the Dungeon
 11609 | D:10     | Reached skill level 12 in Long Blades
 11765 | D:10     | Noticed Joseph
 11823 | D:10     | Killed Joseph
 12004 | D:10     | Received a gift from Trog
 12036 | D:10     | Found a staircase to the Orcish Mines.
 12106 | D:10     | Reached skill level 8 in Fighting
 12928 | D:8      | Reached skill level 8 in Armour
 14102 | D:8      | Found a snail-covered altar of Cheibriados.
 14102 | D:8      | Noticed a five-headed hydra
 14123 | D:8      | Slain by a 12-headed hydra

Vault maps used:
D:1:      lightli_arrival_lavapool
D:2:      first_bread
D:4:      nicolae_overflow_hidden_temple, temple_hall, uniq_robin, uniq_duvessa
D:5:      led_xom_imps, uniq_prince_ribbit1
D:6:      minmay_misc_feat_chi, st_stairs_14
D:7:      lemuel_castle_with_subvaults, minmay_liquid_box
D:8:      david_nohive_1, jmf_multi_god_temple2
D:9:      dpeg_oklobed_lair
D:10:     david_orc_4, grunt_ministairs_12, uniq_joseph

Vanquished Creatures
  Joseph
  A centaur skeleton
  2 two-headed ogres
  A queen bee
  2 trolls Prince Ribbit
  2 hippogriffs
  5 wargs
  6 yaks
  A soldier ant
  3 ice beasts
  4 orc warriors Duvessa
  A black bear
  An eye of draining
  2 phantoms
  A crocodile
  6 sky beasts
  7 ogres
  A necrophage
  4 centaurs
  8 giant frogs
  A wyvern skeleton Dowan
  A jelly
  2 scorpions
  20 killer bees
  A centaur zombie
  12 crimson imps
  11 orc priests
  A wasp zombie
  A quasit
  3 giant frog skeletons
  10 orc wizards
  9 hounds
  3 worker ants
  A killer bee zombie
  A hound skeleton Robin
  3 gnolls
  9 adders
  A shadow imp
  An ooze
  3 worms
  An adder skeleton
  8 giant geckos
  56 orcs
  A ball python
  8 bats
  5 giant cockroaches
  14 goblins
  12 hobgoblins
  6 jackals
  2 kobolds
  5 quokkas
  3 giant gecko skeletons
  7 giant newts
  13 rats
  A fungus
299 creatures vanquished.
